 Seeded DCSS version 0.29.0-13-gc9e81de378 (webtiles) character file.

Game seed: 17394939783161229141 (custom seed)

42 NinjaNoafa the Trooper (level 3, -2/30 HPs)
             Began as a Demonspawn Monk on Sept 7, 2022.
             Succumbed to an adder's poison
             ... on level 2 of the Dungeon.
             The game lasted 00:01:47 (1248 turns).

NinjaNoafa the Trooper (Demonspawn Monk)            Turns: 1248, Time: 00:01:48

Health: -2/30      AC:  3    Str: 11    XL:     3   Next: 35%
Magic:  3/3        EV: 13    Int: 11    God:
Gold:   20         SH:  0    Dex: 17    Spells: 2/2 levels left

rFire   . . .      SeeInvis .   a - +0 falchion
rCold   . . .      Faith    .   (no shield)
rNeg    . . .      Spirit   .   b - +1 robe
rPois   .          Reflect  .   (no helmet)
rElec   .          Harm     .   (no cloak)
rCorr   .          Rampage  .   (no gloves)
Will    .....                   (no boots)
Stlth   ++........              (no amulet)
HPRegen 0.10/turn               (no ring)
MPRegen 0.08/turn               (no ring)

@: lethally poisoned (-2 -> -13)
A: claws 2
a: no special abilities


You were on level 2 of the Dungeon.
You visited 1 branch of the dungeon, and saw 2 of its levels.

You collected 20 gold pieces.

Inventory:

Hand Weapons
 a - a +0 falchion (weapon)
Missiles
 e - 18 stones (quivered)
Armour
 b - a +1 robe (worn)
Scrolls
 g - 4 scrolls of identify


   Skills:
 + Level 3.8 Fighting
 + Level 3.4 Long Blades
 - Level 2.6 Dodging
 - Level 1.7 Stealth


You had 2 spell levels left.
You didn't know any spells.
Your spell library was empty.

Dungeon Overview and Level Annotations

Branches:
Dungeon (2/15)

Altars:

Shops:
D:1 *


Innate Abilities, Weirdness & Mutations

You have very sharp fingernails.


Message History

You are more poisoned.
The adder poisons you! The adder bites you.
* * * LOW HITPOINT WARNING * * *
You are confused.
You feel invigorated.
* * * LOW HITPOINT WARNING * * *
You feel sick. The adder bites you.
* * * LOW HITPOINT WARNING * * *
It was a potion of cancellation.
Your magical effects are unravelling.
You feel magically purged.
You feel less invigorated.
You feel less confused.
You feel sick. The adder bites you.
* * * LOW HITPOINT WARNING * * *
It was a potion of curing.
You feel better. The adder closely misses you.
You hit the adder but do no damage. The adder barely misses you.
The adder bites you.
You slash the adder!
The adder is severely wounded.
The adder bites you.
* * * LOW HITPOINT WARNING * * *
You are poisoned.
The adder poisons you!
* * * LOW HITPOINT WARNING * * *
You feel sick. The adder barely misses you.
As you read the scroll labelled SEOCLI XIXTUBB, it crumbles to dust.
It is a scroll of identify.
h - a scroll of enchant armour You feel sick.
The adder bites you.
* * * LOW HITPOINT WARNING * * *
You are lethally poisoned!
The adder poisons you!
As you read the scroll of enchant armour, it crumbles to dust.
Your +0 robe glows green for a moment.
* * * LOW HITPOINT WARNING * * *
You feel sick. The adder bites you.
* * * LOW HITPOINT WARNING * * *
You are more poisoned.
The adder poisons you!
You die...

#..###..# #.......#
......... #.......#
####[....... #
#........... #.
#.##)# #..
#####.##S#
#..##......@.#
#............####.
##.........!....[..
####.###..$.###.#.
#.>..# #..###
#.#### #..# #.#
#..# #<# #... #.#
##.##


You could see an adder.

Vanquished Creatures
  An adder (D:2)
  3 ball pythons (D:1)
  A bat (D:1)
  3 endoplasms (D:1)
  A giant cockroach (D:2)
  A goblin (D:1)
  4 hobgoblins (D:1)
  4 jackals (D:2)
  2 quokkas (D:1)
  A frilled lizard (D:1)
  4 kobolds
  4 rats (D:1)
29 creatures vanquished.

Notes
Turn   | Place    | Note
-------+----------+-------------------------------------------
     0 | D:1      | NinjaNoafa the Demonspawn Monk began the quest for the Orb.
     0 | D:1      | Reached XP level 1. HP: 18/18 MP: 1/1
   470 | D:1      | Gained mutation: You have sharp fingernails. [demonic
                  | ancestry]
   470 | D:1      | Reached XP level 2. HP: 20/24 MP: 2/2
   801 | D:1      | Found a faded altar of an unknown god.
   910 | D:1      | Found Nenymyokk's Assorted Antiques.
  1145 | D:2      | Gained mutation: You have very sharp fingernails. [demonic
                  | ancestry]
  1145 | D:2      | Reached XP level 3. HP: 25/30 MP: 3/3
  1247 | D:2      | HP: 1/30 [adder (1)]
  1248 | D:2      | Succumbed to an adder's poison

Illustrated notes

Levels and vault maps discovered:
D:1:      minmay_arrival_jagged, layout_basic, ebering_ecumenical_altar_rust,
          serial_shops, shop, st_stairs_7, grunt_decor_mini_mirrors,
          grunt_decor_one_mirror, minmay_misc_feat_rows
D:2:      layout_loops_ring, basic_altar, serial_shops, shop,
          nicolae_diamond_shop, shop_statue, uniq_sigmund

Skill      XL: |  1 |
---------------+----+-----
Long Blades    | 3 |  3.4
Fighting       | |  3.8
Dodging        | |  2.6
Stealth        | |  1.7

Action                   || total
-------------------------++-------
Melee: Falchion          ||    99
  Use: Potion            ||     3
       Scroll            ||     2
 Stab: Sleeping          ||     2
Armor: Robe              ||    19
Dodge: Dodged            ||    82
